 Dungeon Crawl Stone Soup version 0.17.0-26-gececa24 (webtiles) character file.

301 Raultor the Changer (level 6, -2/38 HPs)
             Began as an Octopode Transmuter on Nov 19, 2015.
             Shot with an arrow by a centaur (10 damage)
             ... on level 4 of the Dungeon.
             The game lasted 00:10:56 (4069 turns).

Raultor the Changer (Octopode Transmuter)           Turns: 4069, Time: 00:10:56

Health: -2/38      AC:  1    Str: 11    XL:     6   Next: 37%
Magic:  4/9        EV: 12    Int: 15    God:
Gold:   232        SH:  0    Dex: 13    Spells: 3 memorised, 1 level left

rFire  . . .     SeeInvis .       - Unarmed
rCold  . . .     Clarity  .     (no shield)
rNeg   . . .     SustAt   .     (helmet restricted)
rPois  .         Gourm    .     (no amulet)
rElec  .         Spirit   .     (no ring)
rCorr  .         Warding  .     (no ring)
rMut   .         Stasis   .     (no ring)
MR     .....                    (no ring)
Stlth  ++........               (no ring)
                                (no ring)
                                (no ring)
                                (no ring)

@: very slightly contaminated, not resistant to hostile enchantments, unstealthy
A: almost no armour, amphibious, 8 rings, constrict 8, camouflage 1, gelatinous
body 1
a: no special abilities


You were on level 4 of the Dungeon.
You were not hungry.

You visited 1 branch of the dungeon, and saw 4 of its levels.

You collected 249 gold pieces.
You spent 17 gold pieces at shops.

Inventory:

Missiles
 a - 47 arrows
 m - 162 stones (quivered)
Scrolls
 d - 5 scrolls of identify {unknown}
 e - 2 scrolls of teleportation {unknown}
 f - a scroll of random uselessness {unknown}
 g - 3 scrolls of noise {unknown}
 h - a scroll of enchant armour {unknown}
 n - 2 scrolls of recharging {unknown}
 p - 2 scrolls of fear {unknown}
 q - a scroll of amnesia {unknown}
 s - a scroll of enchant weapon {unknown}
 w - a scroll of remove curse {unknown}
Potions
 j - a potion of heal wounds {unknown}
 k - 3 potions of curing {unknown}
 l - a potion of lignification {unknown}
 r - a potion of cancellation {unknown}
 u - a potion of poison {unknown}
Books
 b - a book of Changes

   Spells                             Type                      Level
   a - Beastly Appendage              Transmutation                1
   b - Sticks to Snakes               Transmutation                2
   c - Spider Form                    Transmutation/Poison         3
   d - Ice Form                       Ice/Transmutation            4
   e - Blade Hands                    Transmutation                5
Comestibles
 c - 3 bread rations
 i - 2 slices of pizza
 o - 2 beef jerkies
 t - 2 meat rations


   Skills:
 - Level 1.0 Fighting
 - Level 2.0 Dodging
 - Level 3.0 Unarmed Combat
 - Level 2.0 Spellcasting
 + Level 6.0 Transmutations
 * Level 2.2 Ice Magic


You had one spell level left.
You knew the following spells:

 Your Spells              Type           Power        Failure   Level  Hunger
a - Beastly Appendage     Trmt           ###...       1%          1    #......
b - Spider Form           Trmt/Pois      ##........   21%         3    ###....
c - Ice Form              Ice/Trmt       ##......     41%         4    #####..


Dungeon Overview and Level Annotations

Branches:
Dungeon (4/15)
 Temple: D:4-7

Altars:
Ashenzari

Shops:
D:4 *


Innate Abilities, Weirdness & Mutations

You cannot wear most types of armour.
You are amphibious.
You can wear up to eight rings at the same time.
You can use your tentacles to constrict eight enemies at once.
Your skin changes colour to match your surroundings (Stealth).
Your rubbery body absorbs attacks (AC +1).


Message History

Found a cyan potion, a papyrus book and 2 sedimented dark potions.
Found a stone staircase leading down.
Casting: Spider Form
Confirm with . or Enter, or press ? or * to list all spells.
You miscast Spider Form.
You are very lightly contaminated with residual magic.
The dust glows shimmering gold!
The orc shouts!
The centaur shoots an arrow.
The arrow misses you.
All of the chunks of flesh in your inventory have rotted away.
You see here an arrow.
Casting: Spider Form
Confirm with . or Enter, or press ? or * to list all spells.
You miscast Spider Form.
Nothing appears to happen.
The centaur shoots an arrow.
The arrow hits you!!
* * * LOW HITPOINT WARNING * * *
You aren't carrying any items that can be evoked.
Unknown command.
The centaur shoots an arrow.
The arrow hits you!
You die...

##...##...... #. #...##
.....! ##. ##.c.# #..... ##..
#....# #...c #... ##c..##
#... ##... #....# #....
.####...(#### ##....
#..........(.###########.....
#####...##..@)))....)........
##...###############.....
##.# ###### ###


You could see a centaur.

Vanquished Creatures
  2 orc wizards (D:4)
  An orc priest (D:4)
  Terence (D:2)
  3 worker ants (D:4)
  3 adders
  An ooze (D:1)
  5 worms
  2 giant geckos (D:2)
  5 orcs (D:4)
  6 ball pythons
  11 bats
  5 giant cockroaches
  8 goblins
  6 hobgoblins
  6 kobolds
  3 quokkas
  2 giant newts
  4 jackals (D:3)
  7 rats
81 creatures vanquished.

Notes
Turn   | Place    | Note
--------------------------------------------------------------
     0 | D:1      | Raultor the Octopode Transmuter began the quest for the Orb.
     0 | D:1      | Reached XP level 1. HP: 13/13 MP: 3/3
   201 | D:1      | Reached XP level 2. HP: 18/18 MP: 5/5
   839 | D:1      | Reached XP level 3. HP: 20/23 MP: 6/6
  1079 | D:2      | Noticed Terence
  1098 | D:1      | Learned a level 3 spell: Spider Form
  1105 | D:2      | Killed Terence
  1105 | D:2      | Reached skill level 4 in Transmutations
  1138 | D:2      | Reached XP level 4. HP: 28/28 MP: 3/7
  2250 | D:3      | Found a shattered altar of Ashenzari.
  2474 | D:3      | Reached skill level 5 in Transmutations
  2512 | D:3      | Reached XP level 5. HP: 24/33 MP: 4/8
  2940 | D:4      | Found Nosmamn's Assorted Antiques.
  3218 | D:4      | Bought a scroll labeled MIXAMO DIVEFU for 17 gold pieces
  3245 | D:4      | Learned a level 4 spell: Ice Form
  3307 | D:4      | Reached skill level 1 in Ice Magic
  3364 | D:4      | Reached XP level 6. HP: 25/38 MP: 5/9
  3824 | D:4      | Reached skill level 6 in Transmutations
  4055 | D:4      | Noticed a centaur
  4069 | D:4      | Shot with an arrow by a centaur

Action                   |  1- 3 |  4- 6 || total
-------------------------+-------+-------++-------
Melee: Unarmed           |    60 |   154 ||   214
Throw: Stone             |       |     3 ||     3
 Cast: Spider Form       |     2 |     6 ||     8
 Stab: Sleeping          |     6 |     8 ||    14
  Eat: Chunk             |     1 |     9 ||    10
       Pizza             |       |     1 ||     1
